 Dungeon Crawl Stone Soup version 0.17-a0-2002-g92c7e20 (webtiles) character file.

72 barthelm the Grave Robber (level 4, 0/34 (35) HPs)
             Began as a Ghoul Necromancer on Oct 8, 2015.
             Slain by Terence
             ... wielding a +0 hand axe
              (5 damage)
             ... on level 2 of the Dungeon.
             The game lasted 00:04:56 (898 turns).

barthelm the Grave Robber (Ghoul Necromancer)        Turns: 898, Time: 00:04:56

HP:   0/34 (35)     AC:  2    Str: 12    XL:     4   Next: 26%
MP:   2/6           EV: 12    Int: 10    God:
Gold: 77            SH:  0    Dex:  9    Spells: 1 memorised, 6 levels left

rFire  . . .     SeeInvis .     (no weapon)
rCold  + . .     Clarity  .     a - +0 robe
rNeg   + + +     SustAt   .     (no shield)
rPois  ∞         Gourm    .     (no helmet)
rElec  .         Spirit   .     (no cloak)
rCorr  .         Warding  .     (no gloves)
rMut   .         Stasis   .     (no boots)
MR     .....                    (no amulet)
Stlth  ++........               (no ring)
                                (no ring)

@: rotting, not resistant to hostile enchantments, unstealthy
A: rotting body, claws 1, carnivore 3, cold resistance 1, negative energy
resistance 3, slow regeneration 1, torment resistance, unbreathing
a: no special abilities


You were on level 2 of the Dungeon.
You were not hungry.

You visited 1 branch of the dungeon, and saw 2 of its levels.

You collected 77 gold pieces.

Inventory:

Armour
 a - a +0 robe (worn)
Jewellery
 e - an uncursed ring of see invisible {unknown}
 n - a cursed ring of loudness {unknown}
Scrolls
 g - a scroll of fog {unknown}
 h - 2 scrolls of remove curse {unknown}
 i - a scroll of enchant weapon {unknown}
 j - a scroll of identify {unknown}
 m - a scroll of teleportation {unknown}
Potions
 f - a potion of haste {unknown}
 k - 2 potions of cancellation {unknown}
Books
 b - a book of Necromancy

   Spells                             Type                      Level
   a - Pain                           Necromancy                   1
   b - Animate Skeleton               Necromancy                   1
   c - Vampiric Draining              Necromancy                   3
   d - Regeneration                   Charms/Necromancy            3
   e - Animate Dead                   Necromancy                   4
   f - Control Undead                 Necromancy                   4
Comestibles
 c - a meat ration
 d - 2 beef jerkies
 l - a royal jelly


   Skills:
 + Level 1.3 Fighting
 + Level 2.1 Dodging
 + Level 2.3 Stealth
 + Level 0.7 Unarmed Combat
 + Level 2.3 Spellcasting
 + Level 4.6 Necromancy


You had 6 spell levels left.
You knew the following spells:

 Your Spells              Type           Power        Failure   Level  Hunger
a - Pain                  Necr           ##..         6%          1    ##.....


Dungeon Overview and Level Annotations

Branches:
Dungeon (2/15)

Altars:

Annotations:
D:2 Terence


Innate Abilities, Weirdness & Mutations

Your body is rotting away.
You thrive on raw meat.
You are immune to poison.
You have sharp fingernails.
You are carnivorous and can eat meat at any time.
Your flesh is cold resistant.
You are immune to negative energy.
You regenerate slowly when monsters are visible.
You are immune to unholy pain and torment.
You can survive without breathing.


Message History

You scratch Terence.
Terence is moderately wounded.
Terence hits you but does no damage.
You barely miss Terence.
Terence is moderately wounded.
Terence hits you with a hand axe.
You scratch Terence but do no damage.
Terence is moderately wounded.
Terence hits you with a hand axe.
You scratch Terence but do no damage.
Terence is moderately wounded.
Terence misses you.
You scratch Terence but do no damage.
Terence is moderately wounded.
Terence hits you with a hand axe!
* * * LOW HITPOINT WARNING * * *
You barely miss Terence.
Terence is moderately wounded.
Terence hits you with a hand axe.
You die...

#... #...# ## #...### .#
#...... ##.###..... +
..........
...#.##.####...#########
.......@...+...'........
#@# #...#########
#.####...#
#....'...#########
######(..#........
#...#........
#...#........
#####.......) ........
........


You could see Terence.

Vanquished Creatures
  Jessica (D:2)
  An adder (D:2)
  An ooze (D:2)
  A giant gecko (D:2)
  2 ball pythons (D:1)
  2 hobgoblins
  2 jackals (D:2)
  5 bats
  3 giant cockroaches (D:1)
  5 giant newts
  5 goblins
  4 kobolds
  3 rats (D:1)
35 creatures vanquished.

Notes
Turn   | Place    | Note
--------------------------------------------------------------
     0 | D:1      | barthelm the Ghoul Necromancer began the quest for the Orb.
     0 | D:1      | Reached XP level 1. HP: 14/14 MP: 2/2
    97 | D:1      | Reached XP level 2. HP: 18/20 MP: 0/3
   595 | D:2      | Reached XP level 3. HP: 18/27 MP: 3/5
   632 | D:2      | Reached skill level 1 in Fighting
   840 | D:2      | Noticed Jessica
   847 | D:2      | Killed Jessica
   847 | D:2      | Reached XP level 4. HP: 35/35 MP: 0/6
   882 | D:2      | Noticed Terence
   898 | D:2      | Slain by Terence

Vault maps used:
D:1:      dpeg_arrival_round_a
D:2:      hex_tiny, uniq_sigmund, uniq_jessica, uniq_terence

Action                   |  1- 3 |  4- 6 || total
-------------------------+-------+-------++-------
Melee: Unarmed           |    75 |    12 ||    87
 Cast: Pain              |    34 |     4 ||    38
  Eat: Chunk             |    22 |       ||    22
